Map: Eternal Empire LE

Players

Kallestål - Winner!

  • Race: Terran Terran
  • Spawn Location: 1:00

Khoi

  • Race: Terran Terran
  • League: Diamond
  • Spawn Location: 7:00

VOD

Have the link to the VOD?

Description

hi.
Also, if you're Melody, one extra hi
()()
( ^.^) ~ ♥
((")(")
`´`´`´`´`´`´

Time

  • Played on: Sept. 14, 2020, 1:51 p.m.
  • Length: 51:57
Show
View Real Time Build Order
Export as new Build Order

Kallestål Terran - Winner!

Build Orders:  

Get SALT Encoding   

  12  0:00  SCV  
  13  0:15  SCV  
  13  0:18  Supply Depot  
  14  0:27  SCV  
  15  0:40  SCV  
  16  0:46  Barracks  
  16  0:54  Refinery  
  16  1:01  Refinery  
  16  1:26  Refinery  
  16  1:29  Refinery  
  15  1:34  Barracks  
  15  1:44  Reaper  
  15  2:06  SCV  
  16  2:16  Reaper  
  16  2:18  SCV  
  16  2:20  Bunker  
  18  2:25  Reaper  
  18  2:41  SCV  
  19  2:48  Reaper  
  20  2:53  SCV  
  21  3:02  Reaper  
  22  3:18  SCV  
  23  3:25  Refinery  
  23  3:31  Supply Depot x2  
  23  3:38  Reaper  
  23  3:53  SCV, Reaper  
  23  3:54  Factory  
  24  4:18  Reaper  
  24  4:22  SCV  
  26  4:25  Reaper  
  25  4:36  SCV  
  26  4:45  Starport  
  26  4:46  Command Center  
  26  4:51  Reaper  
  27  5:09  SCV  
  27  5:10  Factory Tech Lab  
  28  5:21  SCV  
  28  5:36  Engineering Bay  
  28  5:47  Factory Tech Lab  
  28  5:49  Cloaking Field, Banshee  
  31  5:51  Factory  
  31  6:14  Starport  
  31  6:24  Refinery  
  31  6:27  Refinery  
  31  6:31  SCV  
  32  6:51  Banshee  
  32  6:53  Starport Tech Lab  
  35  6:56  Hi-Sec Auto Tracking  
  36  7:02  Factory Tech Lab  
  36  7:05  Planetary Fortress  
  35  7:12  Orbital Command  
  35  7:14  Missile Turret  
  35  7:15  Missile Turret  
  35  7:25  Banshee  
  38  7:41  Siege Tank  
  41  7:52  Banshee  
  41  8:08  SCV x2, Ghost Academy  
  43  8:37  SCV  
  43  8:38  SCV, Siege Tank x2  
  51  9:01  SCV  
  51  9:02  SCV  
  53  9:11  Barracks Tech Lab  
  53  9:17  SCV  
  53  9:20  Supply Depot x2  
  53  9:24  Barracks Tech Lab  
  54  9:37  Siege Tank  
  54  9:40  Siege Tank  
  54  9:42  SCV  
  55  10:02  Missile Turret  
  55  10:03  Command Center  
  55  10:06  Supply Depot  
  55  10:07  Ghost, Refinery  
  55  10:12  Refinery  
  57  10:21  SCV x2  
  59  10:33  SCV x2, Personal Cloaking  
  61  10:47  SCV x2  
  61  10:49  Missile Turret  
  63  11:00  SCV x2  
  65  11:12  SCV x2  
  65  11:13  Ghost x2  
  71  11:24  SCV, Planetary Fortress  
  72  11:25  Supply Depot  
  72  11:32  SCV  
  73  11:36  SCV  
  74  11:42  Missile Turret  
  74  11:44  SCV  
  74  11:45  Missile Turret  
  75  11:48  SCV  
  76  11:56  SCV  
  76  11:59  Nuke  
  76  12:00  SCV  
  78  12:10  Ghost x2  
  82  12:15  Banshee x2  
  82  12:17  Ghost Academy  
  82  12:22  SCV x2, Armory  
  90  12:25  SCV  
  91  12:34  SCV x2  
  93  12:37  SCV  
  94  12:46  SCV  
  95  12:53  SCV x2  
  95  12:56  Nuke  
  95  12:58  SCV, Banshee, Nuke  
  101  13:27  Supply Depot  
  101  13:48  SCV x2, Thor  
  108  13:55  SCV  
  108  14:00  SCV  
  109  14:10  Supply Depot  
  109  14:12  Command Center  
  109  14:13  Supply Depot  
  109  14:15  Supply Depot, Factory  
  109  14:18  Nuke x2  
  109  14:19  Command Center  
  109  14:31  SCV x2, Ghost, Banshee  
  109  14:34  Banshee, Thor  
  109  14:36  Ghost  
  127  14:45  Factory x2  
  127  14:46  Factory  
  127  14:48  Refinery  
  127  14:49  Factory  
  127  14:52  Refinery  
  127  14:59  Ghost  
  127  15:01  Siege Tank  
  127  15:04  Ghost  
  102  15:37  Ghost x2  
  102  15:38  Siege Tank  
  102  15:39  Siege Tank  
  112  15:58  Refinery  
  112  16:02  Factory Tech Lab  
  112  16:03  Factory Tech Lab  
  112  16:04  Factory Tech Lab  
  112  16:10  Factory Tech Lab  
  110  16:13  Refinery  
  108  16:21  SCV  
  108  16:25  Planetary Fortress  
  110  16:29  Planetary Fortress  
  110  16:32  Siege Tank x5  
  124  16:33  Factory Tech Lab  
  124  16:37  Banshee x2  
  124  16:38  Starport  
  130  16:52  Siege Tank  
  133  16:54  Terran Vehicle And Ship Armor Level 1  
  133  16:55  Armory  
  133  17:15  Ghost Academy, Thor x3  
  133  17:19  Starport Reactor  
  133  17:20  Banshee  
  133  17:22  SCV  
  155  17:55  SCV x2  
  155  18:08  SCV x2, Liberator  
  155  18:10  Thor  
  151  18:20  Thor  
  151  18:36  Factory Tech Lab  
  151  18:39  Banshee, Factory Tech Lab  
  154  18:47  Command Center  
  154  18:48  Command Center  
  118  19:49  Supply Depot x2  
  118  19:50  Supply Depot  
  112  19:59  Siege Tank  
  115  20:06  Command Center  
  115  20:08  Siege Tank  
  115  20:10  Ghost, Liberator x2  
  115  20:11  Siege Tank x2, Banshee, Thor, Liberator  
  137  20:14  Supply Depot  
  137  20:16  Supply Depot  
  131  20:43  Siege Tank  
  129  20:53  Viking x2, Banshee  
  129  20:54  Banshee  
  105  21:20  Planetary Fortress  
  105  21:21  Missile Turret  
  105  21:22  SCV x4  
  105  21:23  Siege Tank x3  
  121  21:29  Viking  
  121  21:31  SCV  
  124  21:34  SCV  
  126  21:41  Missile Turret  
  126  21:42  Supply Depot  
  126  21:46  Refinery  
  111  21:47  Refinery  
  111  22:00  Siege Tank  
  114  22:08  SCV x3  
  115  22:11  Siege Tank  
  115  22:39  Command Center  
  115  22:41  SCV x2  
  115  22:42  SCV x2, Unknown  
  115  22:43  Missile Turret  
  119  22:48  SCV x2  
  119  22:49  Refinery  
  119  22:50  Refinery  
  121  22:53  SCV  
  122  23:01  Thor x2  
  121  23:18  Siege Tank x2  
  119  23:58  SCV x3  
  119  23:59  Planetary Fortress  
  86  24:12  Command Center  
  86  24:15  Command Center  
  86  24:20  Ghost  
  86  24:23  Command Center  
  88  24:30  Missile Turret  
  75  24:47  SCV  
  75  24:53  Ghost  
  75  24:54  Refinery  
  75  24:55  Hellbat  
  75  24:57  Refinery  
  79  25:05  Unknown  
  79  25:08  Refinery  
  79  25:10  Command Center  
  79  25:17  SCV x4  
  83  25:25  Nuke x2  
  82  25:39  Siege Tank  
  86  25:42  SCV x2  
  86  25:43  SCV  
  87  25:57  Siege Tank  
  87  26:03  SCV  
  87  26:04  SCV x2, Ghost  
  86  26:19  Refinery  
  86  26:25  Siege Tank x2  
  92  26:33  Nuke  
  89  26:44  Ghost  
  89  26:45  Ghost  
  95  26:47  Nuke  
  95  26:52  SCV  
  96  26:54  Planetary Fortress  
  94  27:22  Siege Tank x2  
  96  27:28  Nuke  
  77  27:52  SCV x3  
  77  27:53  SCV, Banshee x2  
  77  27:58  Missile Turret  
  81  28:07  Nuke  
  81  28:25  Nuke  
  75  28:36  Banshee  
  71  28:47  Command Center  
  63  29:05  SCV x3  
  63  29:06  Thor  
  63  29:07  Thor  
  78  29:10  Siege Tank  
  78  29:12  Nuke  
  69  29:32  Nuke  
  69  29:34  Planetary Fortress  
  69  29:35  SCV x2  
  69  29:36  SCV  
  70  29:47  SCV x2  
  72  30:08  SCV x3  
  75  30:19  Nuke  
  75  30:20  SCV x2  
  77  30:38  SCV x3  
  80  30:45  Missile Turret  
  80  30:47  Missile Turret  
  80  30:48  Command Center  
  80  30:50  SCV  
  80  30:51  Ghost  
  83  30:59  Siege Tank  
  80  31:34  SCV x3  
  80  31:35  Command Center  
  83  31:46  SCV  
  84  31:50  Siege Tank  
  87  31:57  Refinery  
  87  32:08  SCV x3  
  90  32:09  Planetary Fortress  
  90  32:14  Missile Turret  
  90  32:20  SCV x3  
  90  32:21  Siege Tank  
  90  32:28  Liberator  
  93  32:32  SCV  
  94  32:53  SCV x2  
  94  32:58  SCV x2  
  98  33:05  SCV x2  
  100  33:10  SCV  
  90  33:37  Missile Turret  
  90  33:41  Planetary Fortress  
  87  33:49  SCV x2  
  83  34:17  SCV x3  
  83  34:19  SCV  
  83  34:23  Missile Turret  
  87  34:27  Command Center  
  87  34:28  Refinery  
  87  34:29  Ghost  
  87  34:31  SCV, Unknown, Refinery  
  89  34:46  Liberator x2  
  89  34:47  SCV  
  89  34:51  Terran Vehicle Weapons Level 1  
  96  35:03  Siege Tank x2  
  102  35:08  Missile Turret  
  102  35:11  Missile Turret  
  102  35:15  Nuke  
  93  35:40  SCV x4  
  93  35:42  Siege Tank  
  85  35:53  Nuke  
  85  35:54  Nuke  
  85  36:05  SCV x3  
  85  36:07  Planetary Fortress  
  88  36:11  Missile Turret x2  
  88  36:12  Banshee x2  
  94  36:24  Nuke  
  94  36:33  Ghost  
  94  36:37  SCV x3  
  94  36:38  Siege Tank  
  102  36:51  Thor  
  105  36:55  Liberator  
  105  36:56  Command Center  
  108  37:01  Ghost  
  108  37:02  SCV x4  
  114  37:10  Command Center  
  112  37:22  Siege Tank x2  
  118  37:30  Ghost  
  120  37:42  Siege Tank  
  123  37:45  Command Center  
  123  37:46  Nuke  
  123  37:54  Siege Tank  
  117  38:19  Siege Tank x2  
  123  38:21  Ghost  
  123  38:24  Missile Turret  
  125  38:36  Command Center  
  125  38:40  Nuke  
  125  38:50  Ghost  
  122  39:04  Planetary Fortress  
  122  39:07  Refinery  
  122  39:10  Liberator x2  
  122  39:11  SCV x2  
  130  39:18  Ghost  
  130  39:20  Nuke  
  132  39:43  Nuke  
  130  40:11  Siege Tank x2  
  130  40:12  Siege Tank  
  139  40:14  Terran Vehicle And Ship Armor Level 2  
  139  40:15  Terran Vehicle Weapons Level 2  
  139  40:17  Banshee x2  
  136  40:34  Command Center  
  136  40:37  Missile Turret  
  136  40:40  SCV  
  136  40:41  Ghost  
  139  40:48  Siege Tank  
  139  40:49  Siege Tank x2  
  148  40:52  SCV  
  148  40:56  Missile Turret  
  149  41:08  Missile Turret  
  144  41:11  SCV x2  
  144  41:12  Missile Turret  
  145  41:20  Siege Tank  
  145  41:21  Planetary Fortress, Siege Tank  
  147  41:27  Missile Turret  
  147  41:48  Missile Turret  
  145  41:59  SCV x2  
  145  42:00  SCV  
  148  42:02  Refinery, Siege Tank x2  
  154  42:14  Planetary Fortress  
  154  42:16  Unknown  
  154  42:17  Siege Tank  
  154  42:20  Liberator  
  160  42:34  SCV x2, Siege Tank  
  165  43:04  Nuke  
  165  43:05  Nuke x2  
  162  43:20  Siege Tank  
  162  43:21  Ghost, Siege Tank x2  
  162  43:23  Raven  
  162  43:24  Banshee  
  175  43:38  SCV x2  
  177  43:46  Missile Turret  
  177  43:47  Neosteel Armor  
  177  43:48  Missile Turret  
  177  43:49  SCV, Ghost  
  180  44:00  Missile Turret  
  177  44:14  SCV  
  177  44:15  SCV x2  
  180  44:49  Missile Turret x2  
  173  45:12  Ghost  
  173  45:38  Missile Turret  
  173  45:41  Ghost  
  175  46:09  Ghost  
  177  46:13  Command Center  
  177  46:23  Missile Turret  
  177  46:24  Missile Turret x3  
  177  46:25  Missile Turret  
  177  46:26  Missile Turret, Nuke x3  
  177  46:27  Missile Turret  
  177  46:32  Refinery x2  
  177  46:34  Medivac  
  177  46:38  Ghost  
  179  47:06  Ghost  
  178  47:29  Missile Turret  
  175  47:30  Missile Turret  
  175  47:32  Missile Turret  
  175  47:35  Ghost  
  168  48:03  Ghost, Missile Turret  
  170  48:06  Missile Turret  
  170  48:10  Missile Turret  
  170  48:37  Missile Turret  
  167  49:14  Ghost  
  165  49:28  Missile Turret x2  
  160  49:42  Ghost  
  159  49:49  Missile Turret, Nuke x3  
  159  49:50  Missile Turret x2  
  157  49:53  Medivac x2  
  161  50:11  Ghost  
  161  50:13  Refinery  
  163  50:15  Command Center  
  163  50:17  Refinery  
  163  50:39  Ghost  
  164  51:08  Ghost  
Show
View Real Time Build Order
Export as new Build Order

Khoi Terran 

Build Orders:  

Get SALT Encoding   

  12  0:00  SCV  
  13  0:12  SCV  
  14  0:17  Supply Depot  
  14  0:24  SCV  
  15  0:39  SCV  
  15  0:40  Barracks  
  16  0:51  SCV  
  16  0:54  Barracks  
  17  1:12  SCV  
  18  1:26  Orbital Command  
  18  1:35  Marine  
  18  1:37  Supply Depot  
  19  1:42  Marine  
  20  1:53  Marine  
  20  1:54  SCV  
  21  2:10  SCV  
  21  2:13  Marine  
  21  2:14  Command Center  
  23  2:23  SCV  
  23  2:27  Marine  
  25  2:35  SCV, Supply Depot  
  26  2:39  Marine  
  27  2:47  SCV  
  27  2:49  Marine  
  27  2:51  Engineering Bay  
  29  2:59  SCV  
  30  3:08  Marine x2  
  30  3:11  SCV  
  30  3:23  SCV  
  30  3:25  Bunker  
  30  3:26  Marine x2  
  33  3:35  SCV  
  34  3:43  Marine  
  34  3:44  Marine  
  34  3:47  SCV  
  36  3:59  SCV  
  36  4:01  Marine x2  
  39  4:06  Refinery  
  38  4:11  SCV  
  37  4:19  Orbital Command  
  37  4:24  SCV  
  39  4:32  Refinery  
  39  4:34  Refinery  
  39  4:36  SCV  
  38  4:40  Engineering Bay  
  38  4:48  SCV  
  39  4:56  SCV  
  40  5:00  SCV  
  40  5:08  SCV  
  40  5:09  Barracks Tech Lab  
  41  5:18  Command Center  
  41  5:20  SCV  
  42  5:22  Supply Depot  
  42  5:23  Supply Depot  
  42  5:32  SCV x2  
  42  5:33  Marauder  
  42  5:34  Stimpack  
  42  5:35  Terran Infantry Weapons Level 1  
  46  5:46  Barracks Reactor  
  46  5:53  Marine  
  46  5:54  Factory  
  47  6:11  Marine  
  47  6:17  Refinery, Terran Infantry Armor Level 1  
  48  6:24  Marine  
  49  6:27  Supply Depot, Barracks  
  49  6:29  Marine  
  49  6:32  Orbital Command  
  50  6:34  SCV x2  
  52  6:44  Marine x2  
  52  6:46  SCV x2  
  56  6:47  Marauder  
  56  6:51  Factory Reactor  
  58  6:54  Starport  
  58  6:56  Orbital Command  
  58  6:57  Starport  
  58  6:58  SCV x2  
  60  7:09  Marauder  
  60  7:10  SCV x2  
  64  7:16  Marine  
  64  7:18  Refinery  
  64  7:22  SCV x2  
  66  7:23  Refinery  
  66  7:27  SCV, Marine  
  67  7:30  Marine  
  67  7:34  SCV x2  
  68  7:39  Missile Turret  
  68  7:40  Missile Turret  
  67  7:46  SCV  
  67  7:48  Marauder  
  66  8:01  Starport Reactor  
  66  8:06  Marine  
  66  8:07  SCV x3  
  66  8:09  Marauder  
  66  8:10  Factory Tech Lab  
  72  8:13  Missile Turret  
  72  8:14  Marine  
  73  8:22  Missile Turret  
  72  8:31  Marauder  
  71  8:47  Marine x2  
  71  8:51  Viking  
  71  8:52  Viking, Marauder  
  71  8:53  Viking x2  
  81  8:58  SCV x2  
  83  9:05  Marine x2  
  83  9:06  Marine  
  86  9:19  Orbital Command  
  86  10:26  Viking, Medivac, SCV, Marine x2  
  93  10:37  SCV, Marine  
  93  10:53  Factory Tech Lab  
  93  10:57  Supply Depot  
  93  10:59  Supply Depot  
  93  11:18  SCV x3, Raven, Marine x3, Supply Depot x2  
  93  11:20  Supply Depot  
  93  11:21  Marauder  
  93  11:22  Command Center  
  103  11:25  Missile Turret  
  103  11:27  Refinery  
  103  11:31  SCV x3, Missile Turret  
  103  11:32  Command Center  
  106  11:33  Missile Turret, Barracks  
  106  11:36  Marine x3  
  106  11:37  Command Center, Barracks  
  106  11:39  Armory  
  109  11:42  Marauder  
  109  11:43  SCV x3  
  114  11:49  Siege Tank  
  117  11:54  Marine  
  117  11:55  SCV x3  
  117  12:00  Marine  
  122  12:03  Marauder  
  122  12:07  SCV x3  
  127  12:12  Medivac  
  127  12:13  Medivac  
  131  12:19  SCV  
  131  12:21  Marine  
  133  12:27  Barracks  
  133  12:28  Marine  
  133  12:29  Marauder, Siege Tank  
  139  12:33  Supply Depot  
  139  12:35  Supply Depot  
  139  12:41  Raven  
  141  12:48  Marine  
  141  12:50  Marauder, Marine  
  145  12:52  Marine  
  146  13:01  Siege Tank  
  149  13:12  Marauder  
  151  13:14  Orbital Command  
  151  13:33  Marauder  
  153  13:34  Missile Turret  
  153  13:48  Planetary Fortress  
  145  14:18  Orbital Command  
  145  14:25  SCV x3  
  145  14:29  Orbital Command  
  148  14:37  SCV x3, Marauder, Marine x2  
  155  14:43  Terran Infantry Armor Level 2, Terran Infantry Weapons Level 2  
  155  14:44  Marine x4  
  159  14:46  Siege Tank  
  162  14:54  Marine x2  
  162  14:57  SCV  
  162  14:58  Marauder  
  162  14:59  SCV x5  
  172  15:01  Medivac x2  
  172  15:02  Marine x3  
  178  15:10  SCV  
  154  15:18  Siege Tank  
  154  15:20  Marauder  
  126  15:36  Marine x4  
  126  15:37  Marine x2  
  126  15:41  Marauder  
  130  15:45  Viking x3  
  130  15:49  SCV x2  
  138  15:50  Siege Tank  
  138  15:54  Marine x4  
  145  15:57  Missile Turret  
  145  15:58  Missile Turret  
  145  16:00  Marine  
  145  16:01  SCV, Sensor Tower  
  145  16:03  Marauder  
  149  16:05  Refinery  
  149  16:07  Refinery  
  149  16:15  Liberator  
  152  16:22  Siege Tank  
  152  16:24  Marauder  
  157  16:31  Marine x3  
  157  16:32  Marine x3  
  163  16:35  Medivac  
  167  16:42  Raven  
  167  16:45  Marauder  
  169  16:49  Marine  
  169  16:53  Orbital Command  
  169  16:54  Marine, Siege Tank  
  170  16:55  Marine x3  
  170  16:56  Marine  
  170  16:57  Sensor Tower  
  170  16:58  Liberator  
  181  17:03  Marine  
  181  17:05  Viking, Terran Infantry Weapons Level 3  
  181  17:06  Terran Infantry Armor Level 3, Marine  
  181  17:07  Marauder  
  187  17:12  SCV, Marine  
  187  17:13  Marine x4  
  193  17:26  Marine, Siege Tank  
  193  17:27  Marine  
  193  17:28  Marauder  
  197  17:58  Siege Tank  
  157  18:21  Marine x3  
  157  18:22  Marauder, Marine x4  
  157  18:25  Viking, Medivac  
  157  18:26  Viking  
  172  18:30  Siege Tank  
  175  18:39  Marine x2  
  177  18:43  Marauder  
  179  18:55  Viking, Medivac x2  
  185  19:02  Siege Tank  
  185  19:04  Marauder  
  177  19:26  Marauder  
  177  19:29  Viking x3  
  175  19:35  Siege Tank  
  175  19:47  Marauder  
  164  19:59  Viking x3  
  159  20:13  Marine  
  159  20:14  Marauder, Marine  
  159  20:21  Marine x3  
  157  20:22  Marine x2  
  157  20:23  Siege Tank  
  164  20:29  Viking x2, Medivac  
  164  20:31  Marine x2  
  164  20:35  Marauder  
  174  20:39  Marine x3  
  173  20:57  Marauder  
  171  20:59  Viking x2  
  157  21:24  Marine x2  
  157  21:25  Marine x5  
  164  21:26  Marauder  
  158  21:42  Marine x4  
  158  21:43  Marine x3  
  158  21:47  Marine  
  145  22:00  Marine  
  146  22:04  Marine  
  146  22:05  SCV x2, Marauder, Marine x2  
  146  22:06  Marine x2  
  154  22:11  Hellbat  
  156  22:26  Marauder  
  156  22:29  Marine x2  
  160  22:48  Raven, Marauder  
  160  22:50  Medivac  
  160  22:51  Viking  
  168  22:53  Marine x2  
  168  22:54  Marine x5  
  168  22:55  Siege Tank  
  174  23:09  Marauder  
  174  23:11  Marine  
  177  23:20  Viking  
  177  23:21  Viking  
  180  23:27  Siege Tank  
  180  23:30  Marauder  
  180  23:31  Raven  
  180  23:32  Marine  
  180  23:33  Marine x6  
  184  23:50  Viking x2, Marine x2  
  184  23:51  Marine x5  
  184  23:53  Marauder  
  185  23:59  Siege Tank  
  168  24:04  SCV  
  168  24:05  SCV x2  
  168  24:06  SCV  
  168  24:07  SCV  
  173  24:14  Viking  
  173  24:15  Marauder  
  177  24:20  Viking  
  179  24:29  Command Center  
  179  24:50  Supply Depot  
  179  24:51  Supply Depot x2  
  179  24:52  Supply Depot  
  179  24:54  Sensor Tower  
  179  25:01  Sensor Tower  
  179  25:12  Marine x4, Liberator  
  179  25:13  Marauder, Marine x2, Liberator x2  
  196  25:39  SCV, Marine  
  196  25:41  SCV x2  
  193  25:55  SCV x3, Liberator  
  193  25:56  Liberator  
  183  26:43  Marine  
  187  26:51  Marine x4  
  187  26:52  SCV x2  
  228  27:01  Orbital Command  
  182  27:58  Marine  
  182  27:59  Marauder, Marine  
  186  28:10  Marine  
  185  28:20  Marauder  
  187  28:47  Barracks Reactor  
  187  28:51  Marauder, Marine x4  
  189  29:13  Marauder, Marine  
  93  29:23  Marine x4  
  93  29:24  Marine x2  
  100  29:29  Marine  
  100  29:30  Marine  
  97  29:34  Marauder  
  99  29:38  Medivac  
  99  29:41  Marine x3  
  104  29:47  Marine  
  104  29:51  Marine  
  104  29:52  Marine x2  
  107  29:56  Marauder  
  110  30:05  Marine  
  110  30:06  Raven  
  109  30:10  Marine  
  110  30:17  Marauder  
  105  30:39  Marauder, Marine x6  
  105  30:41  Siege Tank  
  116  30:47  SCV  
  116  30:48  Raven  
  119  30:54  Orbital Command  
  119  30:56  Marine  
  119  30:57  Marine x5  
  120  31:00  Marauder  
  124  31:14  Marine x2  
  126  31:21  Marauder  
  126  31:23  Marine x2  
  116  31:37  Orbital Command  
  93  31:41  Marine x3  
  93  31:42  SCV  
  93  31:43  Marauder  
  93  31:45  Siege Tank  
  100  31:48  Medivac  
  100  31:50  Marine  
  100  31:51  SCV  
  104  32:04  Marauder  
  106  32:18  Medivac  
  106  32:26  Marauder  
  106  32:27  Marine x2  
  106  32:28  Marine x4  
  106  32:29  Siege Tank  
  114  32:44  Missile Turret  
  114  32:45  SCV, Missile Turret, Marine x4  
  114  32:46  Marine x2  
  114  32:47  Marauder  
  114  32:48  SCV x2, Refinery  
  114  32:49  Refinery  
  108  33:03  Marine x4  
  109  33:08  Marauder  
  109  33:11  Marine  
  109  33:12  Marine  
  111  33:21  Marine x4  
  115  33:29  Marine  
  115  33:30  Marauder  
  115  33:31  Marine  
  115  33:32  SCV x2  
  121  33:39  Marine x4  
  112  33:48  Marine  
  112  33:49  Marine  
  112  33:50  Siege Tank  
  112  33:51  Marauder  
  112  33:52  SCV  
  112  33:55  SCV  
  120  33:56  Marine x2  
  101  34:12  Marauder  
  101  34:13  Marine  
  101  34:14  Marine x2  
  103  34:34  Marauder  
  100  34:55  Marauder  
  101  35:13  Marine x4  
  101  35:14  Marine  
  106  35:15  Siege Tank  
  106  35:17  Marauder  
  89  35:34  Marine  
  89  35:35  Marine x3  
  86  35:43  Marine x2  
  83  35:52  Marine  
  83  35:58  Raven  
  81  36:22  Marauder, Marine x2  
  81  36:24  Marine  
  81  36:25  Marine  
  86  36:28  SCV  
  86  36:29  SCV  
  88  36:39  Marine  
  86  36:40  SCV x2  
  86  36:43  Marauder  
  91  36:48  Marine x2  
  91  36:49  Marine  
  91  36:52  Viking  
  95  36:56  SCV  
  96  37:05  Marauder  
  98  37:22  Viking  
  100  37:26  Marauder, Marine  
  102  37:33  SCV x2  
  104  37:44  Starport  
  104  37:47  Marauder  
  106  37:52  Medivac  
  97  38:22  Medivac  
  87  38:52  Medivac  
  78  38:57  Refinery  
  78  38:58  Missile Turret  
  78  39:01  Refinery  
  78  39:22  Medivac  
  59  40:19  Raven  
  59  40:31  Siege Tank  
  62  41:18  Orbital Command  
  50  41:27  Marine  
  50  41:28  Marauder  
  50  41:29  Marine  
  50  41:30  Siege Tank  
  50  41:32  Liberator  
  60  41:34  SCV x2  
  60  41:42  Marine x2  
  60  41:43  Marine x2  
  60  41:45  Marine  
  60  41:46  SCV x2  
  63  41:47  Marine  
  63  41:49  Marauder  
  66  41:58  SCV x2  
  66  42:00  Marine x3  
  66  42:01  Marine  
  72  42:03  Marine  
  72  42:05  SCV, Marine  
  75  42:10  SCV x2, Marauder  
  75  42:15  Liberator  
  82  42:16  Siege Tank  
  82  42:17  SCV  
  82  42:18  Marine x2  
  88  42:30  SCV x2  
  88  42:31  SCV  
  88  42:32  Marauder  
  88  42:35  Unknown  
  93  42:38  Marine  
  93  42:39  Marine x3  
  97  42:53  Marauder, Sensor Tower  
  97  42:56  SCV x3  
  97  42:58  Medivac  
  101  43:10  Marine x3  
  101  43:13  Marine  
  101  43:14  SCV  
  101  43:15  SCV x2, Marauder  
  103  43:30  SCV x3  
  105  43:35  Refinery  
  105  43:36  Marauder  
  105  43:39  Viking  
  109  43:42  SCV  
  110  43:57  Marauder  
  112  44:19  Marauder  
  112  44:21  Marine x6  
  120  44:29  Starport Reactor  
  118  44:39  Marine x4  
  118  44:40  Marauder  
  117  45:02  Marauder  
  117  45:04  Marine  
  114  45:19  Marine x3  
  114  45:20  Siege Tank  
  114  45:21  Viking  
  117  45:23  Marauder  
  91  45:44  Marauder  
  93  45:51  Viking  
  93  45:52  Siege Tank  
  93  45:56  Marine  
  99  45:59  Starport x2  
  99  46:00  Fusion Core, Starport  
  99  46:06  Marauder  
  99  46:20  Liberator  
  99  46:24  Siege Tank  
  105  46:27  Marauder  
  105  46:45  Starport Tech Lab  
  105  46:46  Starport Tech Lab x2  
  105  46:48  Marauder  
  107  47:06  Refinery  
  107  47:07  Banshee  
  110  47:09  Cloaking Field  
  110  47:11  Marine  
  110  47:12  Marauder  
  113  47:46  Viking  
  113  47:47  Viking  
  117  48:08  Viking  
  119  48:16  Viking  
  119  48:17  Viking  
  105  48:38  Marine  
  105  48:39  Marauder, Marine  
  107  49:04  Marauder  
  98  49:17  Liberator  
  101  49:27  Banshee  
  97  49:50  Banshee  
  92  49:53  Marauder, Marine  
  92  49:54  Marine  
  92  49:56  SCV  
  95  50:00  Banshee  
  96  50:14  Marauder  
  95  50:30  Siege Tank  
Tags
 
League
Diamond
Matchup
TvT
Race
Terran
Spawn Locations
Cross Positions
Add a new tag
Caveats
  • Supply blocks, unpowered buildings, or Contaminate may cause inaccurate times.
  • Supply counts are checked every 10 seconds.